Stars vs Bruins
(R1)
Created - December 21, 2021 at 19:48
Goals
|
| Stars |
0 |
4 |
1 |
5 |
| Bruins |
1 |
0 |
0 |
1 |
|
Shots
|
| Stars |
8 |
16 |
11 |
35 |
| Bruins |
10 |
10 |
6 |
26 |
|
1st period
1. Bruins , Matt Read 3 (Casey Cizikas 2, Torey Krug 2) at 17:59
Penalties :
Andrew Ladd (Dal) for Hooking (Minor) at 15:51
2nd period
2. Stars , Alex Chiasson 5 (Ian White 4) at 4:17
3. Stars , John Tavares 4 (Guillaume Latendresse 5, Matt Murray) at 5:10 (PP)
4. Stars , Guillaume Latendresse 3 (Michael Grabner 3, John Tavares 7) at 7:15
5. Stars , John Tavares 5 (Guillaume Latendresse 6, Michael Grabner 4) at 19:08 (PP)
Penalties :
Josh Manson (Bos) for Slashing (Minor) at 2:03, Brendan Smith (Bos) for Tripping (Minor) at 4:57, Madison Bowey (Bos) for Slashing (Minor) at 7:58, Kevin Hayes (Bos) for High sticking (Double Minor) at 10:13, Kevin Hayes (Bos) for Roughing (Minor) at 14:20, Jonathan Toews (Bos) for Hooking (Minor) at 16:59, Torey Krug (Bos) for Tripping (Minor) at 18:08
3rd period
6. Stars , Cory Emmerton 1 (Brian Lee 3) at 7:36
Penalties :
Kevin Hayes (Bos) for Delaying the game (Minor) at 0:40, Andrei Kostitsyn (Bos) for Interference (Minor) at 3:06, Jason Demers (Bos) for Hooking (Minor) at 3:24, Guillaume Latendresse (Dal) for Hooking (Minor) at 10:27, Mikael Backlund (Bos) for Hooking (Minor) at 13:52, Mikael Backlund (Bos) for Diving (Minor) at 16:16
Goalie Stats
Matt Murray (Dal), 25 saves from 26 shots - (0.962), W, 2-3-2, 60:00 minutes
Kevin Poulin (Bos), 30 saves from 35 shots - (0.857), L, 3-3-0, 60:00 minutes
Players Stats for Stars
Player Name G A P +/- PIM S H SB GA TA FO MP PP MP PK MP
------------------------------------------------------------------------------------
Alex Chiasson 1 0 1 1 0 2 0 1 0 0 0/0 18:50 8:36 0:00
Andrej Sustr 0 0 0 1 0 0 2 3 0 0 0/0 23:13 8:35 1:33
Andrew Ladd 0 0 0 -1 2 1 1 2 0 0 0/0 10:27 1:20 1:02
Boris Valabik 0 0 0 1 0 0 0 1 1 1 0/0 23:13 8:35 1:33
Brian Lee 0 1 1 1 0 0 1 4 0 0 0/0 27:11 11:23 2:25
Cam Atkinson 0 0 0 0 0 1 0 0 0 0 0/0 9:14 1:17 0:00
Cory Emmerton 1 0 1 0 0 3 1 0 0 0 4/6 8:13 0:38 1:09
Evgeny Grachev 0 0 0 1 0 2 1 0 0 0 8/15 19:11 8:26 0:31
Evgeny Kuznetsov 0 0 0 0 0 1 0 0 0 1 2/4 7:45 0:00 0:00
Guillaume Latendresse 1 2 3 0 2 1 1 1 1 0 1/2 22:48 10:39 1:08
Ian White 0 1 1 1 0 1 1 2 0 0 0/0 27:11 11:23 2:25
Jeremy Morin 0 0 0 1 0 3 0 0 0 0 0/0 6:44 0:00 0:19
John Tavares 2 1 3 1 0 6 0 0 3 2 19/39 23:57 10:43 2:21
Jussi Jokinen 0 0 0 1 0 6 1 2 2 0 0/1 19:33 8:36 0:43
Michael Grabner 0 2 2 1 0 7 1 0 0 1 1/1 22:07 10:39 0:43
Paul Ladue 0 0 0 0 0 0 1 0 0 0 0/0 9:36 0:34 0:00
Scott Kosmachuck 0 0 0 1 0 1 1 0 0 0 0/0 7:11 0:42 0:00
Tyson Barrie 0 0 0 0 0 0 0 1 0 0 0/0 9:36 0:34 0:00
Players Stats for Bruins
Player Name G A P +/- PIM S H SB GA TA FO MP PP MP PK MP
------------------------------------------------------------------------------------
Adam Pelech 0 0 0 -1 0 0 0 0 0 0 0/0 4:12 0:00 1:22
Alex Petrovic 0 0 0 0 0 0 0 0 0 0 0/0 12:13 0:00 3:21
Andrei Kostitsyn 0 0 0 -1 2 1 2 0 0 0 0/0 13:33 0:00 3:17
Brendan Smith 0 0 0 -1 2 0 0 1 0 2 0/0 27:08 2:43 11:01
Casey Cizikas 0 1 1 -1 0 0 0 0 0 0 1/3 13:48 0:00 3:54
Jason Demers 0 0 0 -1 2 1 0 0 0 1 0/0 28:16 2:43 9:51
Jonathan Toews 0 0 0 0 2 3 2 0 1 1 14/27 19:28 2:13 5:30
Josh Manson 0 0 0 0 2 1 1 1 0 0 0/0 8:51 0:00 0:00
Kevin Hayes 0 0 0 -1 8 1 1 1 0 1 7/13 11:37 1:45 0:00
Kris Chucko 0 0 0 0 0 0 0 0 0 0 0/0 4:08 0:00 0:00
Madison Bowey 0 0 0 -1 2 0 0 3 0 0 0/0 19:44 1:15 7:34
Matt Read 1 0 1 0 0 4 3 0 0 0 1/1 9:17 0:00 0:00
Mikael Backlund 0 0 0 0 4 0 0 0 0 0 0/1 4:32 0:00 0:00
Scott Hartnell 0 0 0 -1 0 3 1 0 2 0 0/2 17:38 1:45 5:46
Torey Krug 0 1 1 -1 2 1 1 0 1 1 0/0 19:55 1:15 7:53
Victor Oreskovich 0 0 0 -1 0 2 0 0 1 0 0/0 11:26 1:45 0:00
Wojtek Wolski 0 0 0 0 0 3 0 1 0 1 8/19 27:53 2:13 10:34
Zack Kassian 0 0 0 0 0 6 1 1 0 0 2/2 23:06 2:13 9:32
3 Stars
1 - John Tavares (Dal)
2 - Guillaume Latendresse (Dal)
3 - Matt Murray (Dal)
Power Play
Stars - 2 on 13 Attempt(s) - 15.38%
Bruins - 0 on 2 Attempt(s) - 0.00%
Penalty Kill
Stars - 2 on 2 Attempt(s) - 100.00%
- Score 0 goal in Penalty Kill
Bruins - 11 on 13 Attempt(s) - 84.62%
- Score 0 goal in Penalty Kill
Team Stat
Stars - Hits : 12 - Faceoff Wins : 35 - Blocked Shots : 17 - Penalty Minutes : 4
Bruins - Hits : 12 - Faceoff Wins : 33 - Blocked Shots : 8 - Penalty Minutes : 26
Official
Referees : Brandon Blandina and Kyle Rehman
Linesman : Julien Fournier and Brian Mach
Game Notes
No Game Note
Finance
Level 1 -- Attendance: 5436 (90.60%) -- Ticket Income $543,600
Level 2 -- Attendance: 5000 (100.00%) -- Ticket Income $300,000
Level 3 -- Attendance: 1803 (90.15%) -- Ticket Income $63,105
Level 4 -- Attendance: 3552 (88.80%) -- Ticket Income $88,800
Luxury Box -- Attendance: 938 (93.80%) -- Ticket Income $187,600
Game was played at the TD Garden.
Total Attendance: 16729 (92.94%)
Total Ticket Income: $1,183,105
Other Income: $177,466
Total Income: $1,360,571
Stars
5 vs 5 Forward
Center Left Wing Right Wing Time % Phy DF OF
1 John Tavares Guillaume Latendresse Michael Grabner 40 1 2 2
2 Evgeny Grachev Jussi Jokinen Alex Chiasson 30 1 2 2
3 Evgeny Kuznetsov Andrew Ladd Cam Atkinson 20 1 2 2
4 Cory Emmerton Jeremy Morin Scott Kosmachuck 10 1 2 2
5 vs 5 Defense
Defense Defense Time % Phy DF OF
1 Ian White Brian Lee 40 1 2 2
2 Boris Valabik Andrej Sustr 30 1 2 2
3 Tyson Barrie Paul Ladue 20 1 2 2
4 Ian White Brian Lee 10 1 2 2
PowerPlay Forward
Center Left Wing Right Wing Time % Phy DF OF
1 John Tavares Guillaume Latendresse Michael Grabner 60 0 2 3
2 Evgeny Grachev Jussi Jokinen Alex Chiasson 40 0 2 3
PowerPlay Defense
Defense Defense Time % Phy DF OF
1 Ian White Brian Lee 60 0 2 3
2 Boris Valabik Andrej Sustr 40 0 2 3
Penalty Kill 4 Players Forward
Center Wing Time % Phy DF OF
1 John Tavares Guillaume Latendresse 60 0 3 2
2 Michael Grabner Jussi Jokinen 40 0 3 2
Penalty Kill 4 Players Defense
Defense Defense Time % Phy DF OF
1 Ian White Brian Lee 60 0 3 2
2 Boris Valabik Andrej Sustr 40 0 3 2
Penalty Kill - 3 Players Forward
Forward Time % Phy DF OF
1 John Tavares 60 0 3 2
2 Guillaume Latendresse 40 0 3 2
Penalty Kill - 3 Players Defense
Defense Defense Time % Phy DF OF
1 Ian White Brian Lee 60 0 3 2
2 Boris Valabik Andrej Sustr 40 0 3 2
4 vs 4 Forward
Center Wing Time % Phy DF OF
1 John Tavares Guillaume Latendresse 60 0 2 3
2 Michael Grabner Jussi Jokinen 40 0 2 3
4 vs 4 Defense
Defense Defense Time % Phy DF OF
1 Ian White Brian Lee 60 1 2 2
2 Boris Valabik Andrej Sustr 40 1 2 2
Last Minutes Offensive
Center Left Wing Right Wing Defense Defense
John Tavares Guillaume Latendresse Michael Grabner Ian White Brian Lee
Last Minutes Defensive
Center Left Wing Right Wing Defense Defense
John Tavares Guillaume Latendresse Michael Grabner Ian White Brian Lee
Goaltenders
Starting : Matt Murray
Backup : Braden Holtby
Extra Forwards
Normal : Andrew Ladd, Cam Atkinson, Cory Emmerton - PP : Andrew Ladd, Cam Atkinson - PK : Cory Emmerton
Extra Defensemen
Normal : Tyson Barrie, Paul Ladue, Boris Valabik - PP : Tyson Barrie - PK : Paul Ladue, Boris Valabik
Penalty Shots
John Tavares, Guillaume Latendresse, Michael Grabner, Jussi Jokinen, Alex Chiasson
Scratches
Tyler Brenner (Healthy)
Bruins
5 vs 5 Forward
Center Left Wing Right Wing Time % Phy DF OF
1 Jonathan Toews Wojtek Wolski Zack Kassian 40 1 2 2
2 Kevin Hayes Scott Hartnell Victor Oreskovich 30 1 2 2
3 Casey Cizikas Andrei Kostitsyn Matt Read 20 1 2 2
4 Mikael Backlund Kris Chucko Wojtek Wolski 10 1 2 2
5 vs 5 Defense
Defense Defense Time % Phy DF OF
1 Jason Demers Brendan Smith 40 1 2 2
2 Torey Krug Madison Bowey 30 1 2 2
3 Josh Manson Alex Petrovic 20 1 2 2
4 Adam Pelech Jason Demers 10 1 2 2
PowerPlay Forward
Center Left Wing Right Wing Time % Phy DF OF
1 Jonathan Toews Wojtek Wolski Zack Kassian 60 1 2 2
2 Kevin Hayes Scott Hartnell Victor Oreskovich 40 1 2 2
PowerPlay Defense
Defense Defense Time % Phy DF OF
1 Jason Demers Brendan Smith 60 1 2 2
2 Torey Krug Madison Bowey 40 1 2 2
Penalty Kill 4 Players Forward
Center Wing Time % Phy DF OF
1 Wojtek Wolski Zack Kassian 60 1 2 2
2 Jonathan Toews Scott Hartnell 40 1 2 2
Penalty Kill 4 Players Defense
Defense Defense Time % Phy DF OF
1 Jason Demers Brendan Smith 60 1 2 2
2 Torey Krug Madison Bowey 40 1 2 2
Penalty Kill - 3 Players Forward
Forward Time % Phy DF OF
1 Wojtek Wolski 60 1 2 2
2 Zack Kassian 40 1 2 2
Penalty Kill - 3 Players Defense
Defense Defense Time % Phy DF OF
1 Jason Demers Brendan Smith 60 1 2 2
2 Torey Krug Madison Bowey 40 1 2 2
4 vs 4 Forward
Center Wing Time % Phy DF OF
1 Wojtek Wolski Zack Kassian 60 1 2 2
2 Jonathan Toews Scott Hartnell 40 1 2 2
4 vs 4 Defense
Defense Defense Time % Phy DF OF
1 Jason Demers Brendan Smith 60 1 2 2
2 Torey Krug Madison Bowey 40 1 2 2
Last Minutes Offensive
Center Left Wing Right Wing Defense Defense
Jonathan Toews Wojtek Wolski Zack Kassian Jason Demers Brendan Smith
Last Minutes Defensive
Center Left Wing Right Wing Defense Defense
Jonathan Toews Wojtek Wolski Zack Kassian Jason Demers Brendan Smith
Goaltenders
Starting : Kevin Poulin
Backup : Antti Niemi
Extra Forwards
Normal : Andrei Kostitsyn, Matt Read, Casey Cizikas - PP : Andrei Kostitsyn, Matt Read - PK : Casey Cizikas
Extra Defensemen
Normal : Josh Manson, Alex Petrovic, Adam Pelech - PP : Josh Manson - PK : Alex Petrovic, Adam Pelech
Penalty Shots
Wojtek Wolski, Zack Kassian, Jonathan Toews, Scott Hartnell, Kevin Hayes
Scratches
None
% Time on Ice - Stars
Lines # - Real PCT - Wanted PCT - Time Play
Normal Forward
1 - 32% - 40% - 11:14
2 - 29% - 30% - 10:14
3 - 22% - 20% - 7:45
4 - 18% - 10% - 6:17
Normal Defense
1 - 38% - 40% - 13:23
2 - 37% - 30% - 13:13
3 - 25% - 20% - 8:54
4 - 0% - 10% - 0:00
PP Forward
1 - 58% - 60% - 11:56
2 - 42% - 40% - 8:36
PP Defense
1 - 55% - 60% - 11:23
2 - 45% - 40% - 9:09
PK Forward
1 - 82% - 60% - 3:15
2 - 18% - 40% - 0:43
PK Defense
1 - 61% - 60% - 2:25
2 - 39% - 40% - 1:33
PK3 Forward
1 - 0% - 60%
2 - 0% - 40%
PK3 Defense
1 - 0% - 60%
2 - 0% - 40%
44 Forward
1 - 0% - 60%
2 - 0% - 40%
44 Defense
1 - 0% - 60%
2 - 0% - 40%
Last Minute Offensive - 0:00
Last Minute Defensive - 0:00
Total
Forward - 60:00
Defense - 60:00
|
% Time on Ice - Bruins
Lines # - Real PCT - Wanted PCT - Time Play
Normal Forward
1 - 34% - 40% - 11:58
2 - 28% - 30% - 10:07
3 - 26% - 20% - 9:17
4 - 12% - 10% - 4:08
Normal Defense
1 - 38% - 40% - 13:40
2 - 30% - 30% - 10:47
3 - 24% - 20% - 8:37
4 - 7% - 10% - 2:26
PP Forward
1 - 56% - 60% - 2:13
2 - 44% - 40% - 1:45
PP Defense
1 - 68% - 60% - 2:43
2 - 32% - 40% - 1:15
PK Forward
1 - 67% - 60% - 12:00
2 - 33% - 40% - 6:01
PK Defense
1 - 59% - 60% - 10:34
2 - 41% - 40% - 7:27
PK3 Forward
1 - 81% - 60% - 2:02
2 - 19% - 40% - 0:29
PK3 Defense
1 - 66% - 60% - 1:39
2 - 34% - 40% - 0:52
44 Forward
1 - 0% - 60%
2 - 0% - 40%
44 Defense
1 - 0% - 60%
2 - 0% - 40%
Last Minute Offensive - 0:00
Last Minute Defensive - 0:00
Total
Forward - 60:00
Defense - 60:00
|
Play-by-Play
1st period
0:01 of 1st period - John Tavares wins face-off versus Jonathan Toews in neutral zone.
0:27 of 1st period - Wrist shot by Evgeny Kuznetsov.
0:27 of 1st period - Stopped by Kevin Poulin without a rebound.
0:28 of 1st period - Kevin Hayes wins face-off versus Evgeny Kuznetsov in Bruins zone.
1:13 of 1st period - Slapshot by Cory Emmerton.
1:13 of 1st period - Shot Blocked by Josh Manson.
1:17 of 1st period - Snap shot by Cory Emmerton.
1:17 of 1st period - Stopped by Kevin Poulin with a rebound.
1:55 of 1st period - Andrew Ladd is hit by Matt Read and loses puck.
3:04 of 1st period - Wrist shot by Guillaume Latendresse.
3:04 of 1st period - Shot Misses the Net.
3:06 of 1st period - Snap shot by Guillaume Latendresse.
3:06 of 1st period - Shot Blocked by Madison Bowey.
3:22 of 1st period - Wrist shot by Jussi Jokinen.
3:22 of 1st period - Stopped by Kevin Poulin with a rebound.
3:24 of 1st period - Snap shot by Evgeny Grachev.
3:24 of 1st period - Deflect By Alex Chiasson.
3:24 of 1st period - Stopped by Kevin Poulin without a rebound.
3:25 of 1st period - Jonathan Toews wins face-off versus Evgeny Grachev in Bruins zone.
3:25 of 1st period - Jonathan Toews is hit by Andrej Sustr.
3:30 of 1st period - Off-side.
3:31 of 1st period - Jonathan Toews wins face-off versus John Tavares in neutral zone.
3:46 of 1st period - Snap shot by Zack Kassian.
3:46 of 1st period - Shot Misses the Net.
4:08 of 1st period - Wrist shot by Kevin Hayes.
4:08 of 1st period - Shot Misses the Net.
5:17 of 1st period - Icing by John Tavares.
5:18 of 1st period - Evgeny Grachev wins face-off versus Jonathan Toews in Stars zone.
5:31 of 1st period - Slapshot by Evgeny Grachev.
5:31 of 1st period - Shot Blocked by Zack Kassian.
6:08 of 1st period - Snap shot by Brendan Smith.
6:08 of 1st period - Shot Blocked by Andrew Ladd.
6:10 of 1st period - Backhand shot by Jason Demers.
6:10 of 1st period - Stopped by Matt Murray with a rebound.
6:12 of 1st period - Slapshot by Jason Demers.
6:12 of 1st period - Deflect By Andrei Kostitsyn.
6:12 of 1st period - Shot Hit the Post.
6:12 of 1st period - Puck is out of play.
6:13 of 1st period - Evgeny Grachev wins face-off versus Jonathan Toews in Stars zone.
6:22 of 1st period - Wojtek Wolski is hit by Jussi Jokinen and loses puck.
6:44 of 1st period - Snap shot by Kevin Hayes.
6:44 of 1st period - Stopped by Matt Murray with a rebound.
6:46 of 1st period - Wrist shot by Scott Hartnell.
6:46 of 1st period - Stopped by Matt Murray without a rebound.
6:47 of 1st period - Kevin Hayes wins face-off versus John Tavares in Stars zone.
7:16 of 1st period - Wrist shot by Andrew Ladd.
7:16 of 1st period - Shot Misses the Net.
7:34 of 1st period - Icing by Andrej Sustr.
7:35 of 1st period - Matt Read wins face-off versus Evgeny Grachev in Stars zone.
7:42 of 1st period - Wrist shot by Matt Read.
7:42 of 1st period - Stopped by Matt Murray with a rebound.
7:44 of 1st period - Slapshot by Madison Bowey.
7:44 of 1st period - Shot Blocked by Alex Chiasson.
7:46 of 1st period - Wrist shot by Casey Cizikas.
7:46 of 1st period - Shot Blocked by Jussi Jokinen.
8:00 of 1st period - Jussi Jokinen is hit by Torey Krug.
8:56 of 1st period - Snap shot by Evgeny Grachev.
8:56 of 1st period - Stopped by Kevin Poulin without a rebound.
8:57 of 1st period - Jonathan Toews wins face-off versus John Tavares in Bruins zone.
9:30 of 1st period - Icing by Jason Demers.
9:31 of 1st period - Evgeny Kuznetsov wins face-off versus Kevin Hayes in Bruins zone.
9:32 of 1st period - Slapshot by Cam Atkinson.
9:32 of 1st period - Deflect By Evgeny Kuznetsov.
9:32 of 1st period - Shot Blocked by Brendan Smith.
9:32 of 1st period - Puck is out of play.
9:33 of 1st period - Jonathan Toews wins face-off versus Evgeny Kuznetsov in Bruins zone.
10:34 of 1st period - Wrist shot by Cory Emmerton.
10:34 of 1st period - Shot Misses the Net.
10:50 of 1st period - Slapshot by Andrei Kostitsyn.
10:50 of 1st period - Shot Blocked by Brian Lee.
10:52 of 1st period - Slapshot by Alex Petrovic.
10:52 of 1st period - Shot Blocked by Jussi Jokinen.
10:54 of 1st period - Snap shot by Andrei Kostitsyn.
10:54 of 1st period - Stopped by Matt Murray with a rebound.
11:10 of 1st period - Zack Kassian is hit by Ian White and loses puck.
11:17 of 1st period - Wrist shot by Cam Atkinson.
11:17 of 1st period - Stopped by Kevin Poulin without a rebound.
11:18 of 1st period - Kevin Hayes wins face-off versus John Tavares in Bruins zone.
11:18 of 1st period - Kevin Hayes is hit by Andrej Sustr.
11:48 of 1st period - Wrist shot by Matt Read.
11:48 of 1st period - Stopped by Matt Murray with a rebound.
12:07 of 1st period - Slapshot by Jussi Jokinen.
12:07 of 1st period - Stopped by Kevin Poulin without a rebound.
12:08 of 1st period - Jonathan Toews wins face-off versus Jussi Jokinen in Bruins zone.
12:57 of 1st period - Wrist shot by Jonathan Toews.
12:57 of 1st period - Shot Misses the Net.
12:59 of 1st period - Snap shot by Wojtek Wolski.
12:59 of 1st period - Stopped by Matt Murray without a rebound.
13:00 of 1st period - John Tavares wins face-off versus Kevin Hayes in Stars zone.
13:00 of 1st period - John Tavares is hit by Scott Hartnell.
13:26 of 1st period - Matt Read is hit by Paul Ladue and loses puck.
15:10 of 1st period - Slapshot by Scott Hartnell.
15:10 of 1st period - Stopped by Matt Murray with a rebound.
15:51 of 1st period - Minor Penalty to Andrew Ladd for Hooking.
15:52 of 1st period - John Tavares wins face-off versus Jonathan Toews in Stars zone.
16:38 of 1st period - Slapshot by Jussi Jokinen.
16:38 of 1st period - Stopped by Kevin Poulin without a rebound.
16:39 of 1st period - Jonathan Toews wins face-off versus John Tavares in Bruins zone.
17:51 of 1st period - Penalty to Andrew Ladd is over, Andrew Ladd is back on ice.
17:55 of 1st period - Wrist shot by Torey Krug.
17:55 of 1st period - Shot Misses the Net.
17:57 of 1st period - Wrist shot by Casey Cizikas.
17:57 of 1st period - Shot Misses the Net.
17:59 of 1st period - Snap shot by Matt Read.
17:59 of 1st period - Goal by Matt Read - Stars : 0 - Bruins : 1.
18:00 of 1st period - Evgeny Grachev wins face-off versus Jonathan Toews in neutral zone.
18:05 of 1st period - Slapshot by Evgeny Grachev.
18:05 of 1st period - Shot Misses the Net.
18:51 of 1st period - Snap shot by Zack Kassian.
18:51 of 1st period - Deflect By Jonathan Toews.
18:51 of 1st period - Stopped by Matt Murray with a rebound.
19:25 of 1st period - Snap shot by Wojtek Wolski.
19:25 of 1st period - Shot Blocked by Tyson Barrie.
Goals for this period are 0 for Stars vs 1 for Bruins.
Shots for this period are 8 for Stars vs 10 for Bruins.
2nd period
0:01 of 2nd period - Kevin Hayes wins face-off versus John Tavares in neutral zone.
0:08 of 2nd period - Slapshot by Kevin Hayes.
0:08 of 2nd period - Shot Misses the Net.
0:50 of 2nd period - Andrej Sustr is hit by Andrei Kostitsyn and loses puck.
0:59 of 2nd period - Snap shot by Matt Read.
0:59 of 2nd period - Shot Misses the Net.
1:01 of 2nd period - Snap shot by Casey Cizikas.
1:01 of 2nd period - Shot Misses the Net.
1:16 of 2nd period - Slapshot by Jason Demers.
1:16 of 2nd period - Shot Blocked by Boris Valabik.
1:18 of 2nd period - Slapshot by Brendan Smith.
1:18 of 2nd period - Shot Blocked by Andrew Ladd.
2:03 of 2nd period - Minor Penalty to Josh Manson for Slashing.
2:04 of 2nd period - John Tavares wins face-off versus Wojtek Wolski in Bruins zone.
3:57 of 2nd period - Slapshot by Alex Chiasson.
3:57 of 2nd period - Shot Misses the Net.
3:59 of 2nd period - Backhand shot by Brian Lee.
3:59 of 2nd period - Shot Misses the Net.
4:03 of 2nd period - Penalty to Josh Manson is over, Josh Manson is back on ice.
4:05 of 2nd period - Wrist shot by Evgeny Grachev.
4:05 of 2nd period - Stopped by Kevin Poulin with a rebound.
4:07 of 2nd period - Wrist shot by Jussi Jokinen.
4:07 of 2nd period - Stopped by Kevin Poulin with a rebound.
4:17 of 2nd period - Slapshot by Alex Chiasson.
4:17 of 2nd period - Goal by Alex Chiasson - Stars : 1 - Bruins : 1.
4:18 of 2nd period - Kevin Hayes wins face-off versus John Tavares in neutral zone.
4:32 of 2nd period - Wrist shot by Scott Hartnell.
4:32 of 2nd period - Stopped by Matt Murray with a rebound.
4:34 of 2nd period - Slapshot by Kevin Hayes.
4:34 of 2nd period - Deflect By Victor Oreskovich.
4:34 of 2nd period - Shot Misses the Net.
4:34 of 2nd period - Puck is out of play.
4:35 of 2nd period - Cory Emmerton wins face-off versus Jonathan Toews in Stars zone.
4:46 of 2nd period - Snap shot by Cory Emmerton.
4:46 of 2nd period - Stopped by Kevin Poulin without a rebound.
4:47 of 2nd period - John Tavares wins face-off versus Jonathan Toews in Bruins zone.
4:57 of 2nd period - Minor Penalty to Brendan Smith for Tripping.
4:58 of 2nd period - Wojtek Wolski wins face-off versus John Tavares in Bruins zone.
5:10 of 2nd period - Snap shot by John Tavares.
5:10 of 2nd period - Goal by John Tavares - Stars : 2 - Bruins : 1.
5:11 of 2nd period - John Tavares wins face-off versus Scott Hartnell in neutral zone.
5:24 of 2nd period - Slapshot by Jason Demers.
5:24 of 2nd period - Shot Misses the Net.
5:36 of 2nd period - Ian White is hit by Andrei Kostitsyn and loses puck.
5:41 of 2nd period - Snap shot by Matt Read.
5:41 of 2nd period - Stopped by Matt Murray without a rebound.
5:42 of 2nd period - Evgeny Grachev wins face-off versus Casey Cizikas in Stars zone.
6:15 of 2nd period - Jussi Jokinen is hit by Josh Manson and loses puck.
6:23 of 2nd period - Slapshot by Josh Manson.
6:23 of 2nd period - Stopped by Matt Murray without a rebound.
6:24 of 2nd period - Zack Kassian wins face-off versus John Tavares in Stars zone.
6:25 of 2nd period - Wrist shot by Wojtek Wolski.
6:25 of 2nd period - Shot Blocked by Ian White.
6:27 of 2nd period - Wrist shot by Jonathan Toews.
6:27 of 2nd period - Stopped by Matt Murray with a rebound.
6:29 of 2nd period - Snap shot by Wojtek Wolski.
6:29 of 2nd period - Stopped by Matt Murray without a rebound.
6:30 of 2nd period - Jonathan Toews wins face-off versus John Tavares in Stars zone.
6:41 of 2nd period - Wrist shot by Zack Kassian.
6:41 of 2nd period - Stopped by Matt Murray with a rebound.
7:01 of 2nd period - Snap shot by Jeremy Morin.
7:01 of 2nd period - Stopped by Kevin Poulin with a rebound.
7:03 of 2nd period - Slapshot by Ian White.
7:03 of 2nd period - Stopped by Kevin Poulin without a rebound.
7:04 of 2nd period - Cory Emmerton wins face-off versus Kevin Hayes in Bruins zone.
7:07 of 2nd period - Snap shot by Jeremy Morin.
7:07 of 2nd period - Stopped by Kevin Poulin without a rebound.
7:08 of 2nd period - John Tavares wins face-off versus Kevin Hayes in Bruins zone.
7:11 of 2nd period - Snap shot by Michael Grabner.
7:11 of 2nd period - Shot Misses the Net.
7:13 of 2nd period - Snap shot by Guillaume Latendresse.
7:13 of 2nd period - Shot Blocked by Madison Bowey.
7:15 of 2nd period - Snap shot by Guillaume Latendresse.
7:15 of 2nd period - Goal by Guillaume Latendresse - Stars : 3 - Bruins : 1.
7:16 of 2nd period - John Tavares wins face-off versus Wojtek Wolski in neutral zone.
7:19 of 2nd period - Wrist shot by Zack Kassian.
7:19 of 2nd period - Shot Blocked by Guillaume Latendresse.
7:21 of 2nd period - Slapshot by Brendan Smith.
7:21 of 2nd period - Shot Blocked by Brian Lee.
7:23 of 2nd period - Wrist shot by Jonathan Toews.
7:23 of 2nd period - Shot Blocked by Ian White.
7:31 of 2nd period - Guillaume Latendresse is hit by Jonathan Toews and loses puck.
7:58 of 2nd period - Minor Penalty to Madison Bowey for Slashing.
7:59 of 2nd period - Wojtek Wolski wins face-off versus John Tavares in Bruins zone.
9:58 of 2nd period - Penalty to Madison Bowey is over, Madison Bowey is back on ice.
10:13 of 2nd period - Double Minor Penalty to Kevin Hayes for High sticking.
10:14 of 2nd period - John Tavares wins face-off versus Wojtek Wolski in Bruins zone.
11:02 of 2nd period - Wrist shot by Jonathan Toews.
11:02 of 2nd period - Shot Misses the Net.
13:00 of 2nd period - Alex Petrovic is hit by Andrew Ladd and loses puck.
14:13 of 2nd period - Penalty to Kevin Hayes is over, Kevin Hayes is back on ice.
14:20 of 2nd period - Minor Penalty to Kevin Hayes for Roughing.
14:21 of 2nd period - Wojtek Wolski wins face-off versus Evgeny Grachev in Bruins zone.
16:20 of 2nd period - Penalty to Kevin Hayes is over, Kevin Hayes is back on ice.
16:21 of 2nd period - Snap shot by Scott Kosmachuck.
16:21 of 2nd period - Shot Blocked by Kevin Hayes.
16:27 of 2nd period - Wrist shot by Casey Cizikas.
16:27 of 2nd period - Shot Misses the Net.
16:29 of 2nd period - Slapshot by Kevin Hayes.
16:29 of 2nd period - Shot Misses the Net.
16:31 of 2nd period - Slapshot by Torey Krug.
16:31 of 2nd period - Stopped by Matt Murray without a rebound.
16:32 of 2nd period - Kevin Hayes wins face-off versus Cory Emmerton in Stars zone.
16:47 of 2nd period - Slapshot by Scott Kosmachuck.
16:47 of 2nd period - Stopped by Kevin Poulin without a rebound.
16:48 of 2nd period - John Tavares wins face-off versus Jonathan Toews in Bruins zone.
16:57 of 2nd period - Snap shot by John Tavares.
16:57 of 2nd period - Stopped by Kevin Poulin with a rebound.
16:59 of 2nd period - Minor Penalty to Jonathan Toews for Hooking.
17:00 of 2nd period - Wojtek Wolski wins face-off versus John Tavares in Bruins zone.
17:20 of 2nd period - Icing by Michael Grabner.
17:21 of 2nd period - John Tavares wins face-off versus Casey Cizikas in Stars zone.
17:40 of 2nd period - Snap shot by John Tavares.
17:40 of 2nd period - Shot Misses the Net.
17:42 of 2nd period - Slapshot by John Tavares.
17:42 of 2nd period - Stopped by Kevin Poulin without a rebound.
17:43 of 2nd period - Wojtek Wolski wins face-off versus Evgeny Grachev in Bruins zone.
18:08 of 2nd period - Minor Penalty to Torey Krug for Tripping.
18:09 of 2nd period - John Tavares wins face-off versus Wojtek Wolski in Bruins zone.
18:43 of 2nd period - Snap shot by Jussi Jokinen.
18:43 of 2nd period - Deflect By Brendan Smith.
18:43 of 2nd period - Stopped by Kevin Poulin without a rebound.
18:44 of 2nd period - John Tavares wins face-off versus Wojtek Wolski in Bruins zone.
18:47 of 2nd period - Slapshot by John Tavares.
18:47 of 2nd period - Shot Misses the Net.
18:49 of 2nd period - Snap shot by Michael Grabner.
18:49 of 2nd period - Stopped by Kevin Poulin with a rebound.
18:51 of 2nd period - Wrist shot by Guillaume Latendresse.
18:51 of 2nd period - Shot Misses the Net.
18:53 of 2nd period - Wrist shot by John Tavares.
18:53 of 2nd period - Stopped by Kevin Poulin without a rebound.
18:54 of 2nd period - John Tavares wins face-off versus Wojtek Wolski in Bruins zone.
18:59 of 2nd period - Penalty to Jonathan Toews is over, Jonathan Toews is back on ice.
19:08 of 2nd period - Slapshot by John Tavares.
19:08 of 2nd period - Goal by John Tavares - Stars : 4 - Bruins : 1.
19:09 of 2nd period - Jonathan Toews wins face-off versus John Tavares in neutral zone.
19:22 of 2nd period - Slapshot by John Tavares.
19:22 of 2nd period - Shot Misses the Net.
19:32 of 2nd period - Michael Grabner is hit by Jonathan Toews and loses puck.
19:43 of 2nd period - Snap shot by Wojtek Wolski.
19:43 of 2nd period - Stopped by Matt Murray without a rebound.
19:44 of 2nd period - Kevin Hayes wins face-off versus Evgeny Grachev in Stars zone.
19:47 of 2nd period - Snap shot by Victor Oreskovich.
19:47 of 2nd period - Shot Misses the Net.
19:49 of 2nd period - Wrist shot by Victor Oreskovich.
19:49 of 2nd period - Stopped by Matt Murray with a rebound.
19:51 of 2nd period - Wrist shot by Victor Oreskovich.
19:51 of 2nd period - Stopped by Matt Murray without a rebound.
19:52 of 2nd period - Evgeny Grachev wins face-off versus Kevin Hayes in Stars zone.
Goals for this period are 4 for Stars vs 0 for Bruins.
Shots for this period are 16 for Stars vs 10 for Bruins.
3rd period
0:01 of 3rd period - John Tavares wins face-off versus Jonathan Toews in neutral zone.
0:16 of 3rd period - Snap shot by John Tavares.
0:16 of 3rd period - Shot Misses the Net.
0:40 of 3rd period - Minor Penalty to Kevin Hayes for Delaying the game.
0:41 of 3rd period - Wojtek Wolski wins face-off versus John Tavares in Bruins zone.
0:57 of 3rd period - Wrist shot by John Tavares.
0:57 of 3rd period - Shot Blocked by Wojtek Wolski.
1:25 of 3rd period - Snap shot by John Tavares.
1:25 of 3rd period - Shot Blocked by Madison Bowey.
1:27 of 3rd period - Snap shot by Michael Grabner.
1:27 of 3rd period - Stopped by Kevin Poulin without a rebound.
1:28 of 3rd period - Evgeny Grachev wins face-off versus Wojtek Wolski in Bruins zone.
2:40 of 3rd period - Penalty to Kevin Hayes is over, Kevin Hayes is back on ice.
3:06 of 3rd period - Minor Penalty to Andrei Kostitsyn for Interference.
3:07 of 3rd period - Guillaume Latendresse wins face-off versus Wojtek Wolski in Bruins zone.
3:24 of 3rd period - Minor Penalty to Jason Demers for Hooking.
3:25 of 3rd period - John Tavares wins face-off versus Wojtek Wolski in Bruins zone.
3:25 of 3rd period - Wrist shot by Michael Grabner.
3:25 of 3rd period - Shot Misses the Net.
3:27 of 3rd period - Snap shot by Michael Grabner.
3:27 of 3rd period - Stopped by Kevin Poulin without a rebound.
3:28 of 3rd period - Wojtek Wolski wins face-off versus John Tavares in Bruins zone.
5:06 of 3rd period - Penalty to Andrei Kostitsyn is over, Andrei Kostitsyn is back on ice.
5:06 of 3rd period - Snap shot by Brendan Smith.
5:06 of 3rd period - Shot Blocked by Brian Lee.
5:24 of 3rd period - Penalty to Jason Demers is over, Jason Demers is back on ice.
6:36 of 3rd period - Wrist shot by Zack Kassian.
6:36 of 3rd period - Stopped by Matt Murray with a rebound.
6:53 of 3rd period - Icing by Alex Petrovic.
6:54 of 3rd period - Casey Cizikas wins face-off versus Cory Emmerton in Bruins zone.
7:31 of 3rd period - Matt Read is hit by Cory Emmerton and loses puck.
7:36 of 3rd period - Snap shot by Cory Emmerton.
7:36 of 3rd period - Goal by Cory Emmerton - Stars : 5 - Bruins : 1.
7:37 of 3rd period - Jonathan Toews wins face-off versus John Tavares in neutral zone.
7:42 of 3rd period - Slapshot by Zack Kassian.
7:42 of 3rd period - Stopped by Matt Murray without a rebound.
7:43 of 3rd period - Zack Kassian wins face-off versus John Tavares in Stars zone.
8:30 of 3rd period - Cam Atkinson is hit by Matt Read and loses puck.
8:51 of 3rd period - Brendan Smith is hit by Michael Grabner and loses puck.
9:19 of 3rd period - Wrist shot by Michael Grabner.
9:19 of 3rd period - Stopped by Kevin Poulin without a rebound.
9:20 of 3rd period - Evgeny Grachev wins face-off versus Scott Hartnell in Bruins zone.
9:48 of 3rd period - Cam Atkinson is hit by Matt Read and loses puck.
10:27 of 3rd period - Minor Penalty to Guillaume Latendresse for Hooking.
10:28 of 3rd period - Jonathan Toews wins face-off versus John Tavares in Stars zone.
10:40 of 3rd period - Snap shot by Zack Kassian.
10:40 of 3rd period - Shot Blocked by Brian Lee.
11:54 of 3rd period - Icing by Jonathan Toews.
11:55 of 3rd period - Cory Emmerton wins face-off versus Wojtek Wolski in Bruins zone.
11:56 of 3rd period - Wrist shot by Jeremy Morin.
11:56 of 3rd period - Shot Misses the Net.
12:19 of 3rd period - Brian Lee is hit by Kevin Hayes and loses puck.
12:27 of 3rd period - Penalty to Guillaume Latendresse is over, Guillaume Latendresse is back on ice.
13:02 of 3rd period - Wojtek Wolski is hit by Scott Kosmachuck.
13:05 of 3rd period - Off-side.
13:06 of 3rd period - Cory Emmerton wins face-off versus Mikael Backlund in neutral zone.
13:09 of 3rd period - Slapshot by Tyson Barrie.
13:09 of 3rd period - Shot Misses the Net.
13:11 of 3rd period - Slapshot by Jeremy Morin.
13:11 of 3rd period - Stopped by Kevin Poulin with a rebound.
13:25 of 3rd period - Wrist shot by Jeremy Morin.
13:25 of 3rd period - Shot Misses the Net.
13:37 of 3rd period - Snap shot by Kris Chucko.
13:37 of 3rd period - Shot Misses the Net.
13:52 of 3rd period - Minor Penalty to Mikael Backlund for Hooking.
13:53 of 3rd period - Jonathan Toews wins face-off versus John Tavares in Bruins zone.
14:26 of 3rd period - Off-side.
14:27 of 3rd period - Jonathan Toews wins face-off versus Evgeny Grachev in neutral zone.
15:04 of 3rd period - Slapshot by Michael Grabner.
15:04 of 3rd period - Stopped by Kevin Poulin with a rebound.
15:24 of 3rd period - Snap shot by Zack Kassian.
15:24 of 3rd period - Shot Misses the Net.
15:32 of 3rd period - Wrist shot by Zack Kassian.
15:32 of 3rd period - Stopped by Matt Murray with a rebound.
15:34 of 3rd period - Snap shot by Wojtek Wolski.
15:34 of 3rd period - Deflect By Zack Kassian.
15:34 of 3rd period - Shot Blocked by Andrej Sustr.
15:34 of 3rd period - Puck is out of play.
15:35 of 3rd period - Jonathan Toews wins face-off versus Evgeny Grachev in Stars zone.
15:38 of 3rd period - Snap shot by Jonathan Toews.
15:38 of 3rd period - Stopped by Matt Murray with a rebound.
15:41 of 3rd period - Icing by Evgeny Grachev.
15:42 of 3rd period - Evgeny Grachev wins face-off versus Jonathan Toews in Stars zone.
15:52 of 3rd period - Penalty to Mikael Backlund is over, Mikael Backlund is back on ice.
15:55 of 3rd period - Snap shot by Jussi Jokinen.
15:55 of 3rd period - Stopped by Kevin Poulin with a rebound.
15:57 of 3rd period - Wrist shot by Evgeny Grachev.
15:57 of 3rd period - Shot Misses the Net.
16:16 of 3rd period - Minor Penalty to Mikael Backlund for Diving.
16:17 of 3rd period - Wojtek Wolski wins face-off versus John Tavares in Bruins zone.
16:22 of 3rd period - Icing by Michael Grabner.
16:23 of 3rd period - Michael Grabner wins face-off versus Wojtek Wolski in Stars zone.
16:30 of 3rd period - Wojtek Wolski is hit by Guillaume Latendresse and loses puck.
16:49 of 3rd period - Zack Kassian is hit by Evgeny Grachev and loses puck.
17:28 of 3rd period - Andrej Sustr is hit by Zack Kassian and loses puck.
18:16 of 3rd period - Penalty to Mikael Backlund is over, Mikael Backlund is back on ice.
18:55 of 3rd period - Torey Krug is hit by Brian Lee and loses puck.
19:06 of 3rd period - Wrist shot by Andrew Ladd.
19:06 of 3rd period - Stopped by Kevin Poulin without a rebound.
19:07 of 3rd period - Evgeny Kuznetsov wins face-off versus Kevin Hayes in Bruins zone.
19:22 of 3rd period - Snap shot by Victor Oreskovich.
19:22 of 3rd period - Deflect By Kevin Hayes.
19:22 of 3rd period - Shot Blocked by Andrej Sustr.
19:22 of 3rd period - Puck is out of play.
19:23 of 3rd period - Jonathan Toews wins face-off versus Guillaume Latendresse in Stars zone.
19:26 of 3rd period - Wrist shot by Jonathan Toews.
19:26 of 3rd period - Shot Blocked by Andrej Sustr.
19:28 of 3rd period - Wrist shot by Zack Kassian.
19:28 of 3rd period - Stopped by Matt Murray without a rebound.
19:29 of 3rd period - John Tavares wins face-off versus Jonathan Toews in Stars zone.
19:42 of 3rd period - Slapshot by Zack Kassian.
19:42 of 3rd period - Stopped by Matt Murray without a rebound.
19:43 of 3rd period - John Tavares wins face-off versus Jonathan Toews in Stars zone.
19:48 of 3rd period - Wrist shot by John Tavares.
19:48 of 3rd period - Shot Misses the Net.
19:50 of 3rd period - Slapshot by John Tavares.
19:50 of 3rd period - Deflect By Michael Grabner.
19:50 of 3rd period - Stopped by Kevin Poulin with a rebound.
19:52 of 3rd period - Wrist shot by Michael Grabner.
19:52 of 3rd period - Deflect By John Tavares.
19:52 of 3rd period - Stopped by Kevin Poulin with a rebound.
19:54 of 3rd period - Snap shot by Michael Grabner.
19:54 of 3rd period - Shot Misses the Net.
19:56 of 3rd period - Wrist shot by Michael Grabner.
19:56 of 3rd period - Stopped by Kevin Poulin without a rebound.
19:57 of 3rd period - John Tavares wins face-off versus Jonathan Toews in Bruins zone.
Goals for this period are 1 for Stars vs 0 for Bruins.
Shots for this period are 11 for Stars vs 6 for Bruins.